 Dungeon Crawl Stone Soup version 0.25.0-3-gd7cc5688da (webtiles) character file.

Game seed: 7608073223619583550

4451 Doot the Arsonist (level 10, -4/52 HPs)
             Began as a Tengu Fire Elementalist on June 15, 2020.
             Was a High Priest of Vehumet.
             Shot with an arrow by a centaur warrior (11 damage)
             ... on level 8 of the Dungeon.
             The game lasted 00:28:24 (9813 turns).

Doot the Arsonist (Tengu Fire Elementalist)         Turns: 9813, Time: 00:28:24

Health: -4/52      AC:  3    Str: 10    XL:     10   Next: 37%
Magic:  20/22      EV: 15    Int: 18    God:    Vehumet [*****.]
Gold:   411        SH:  0    Dex: 14    Spells: 3/24 levels left

rFire    . . .     SeeInvis .   C - +2 dagger (venom)
rCold    . . .     Gourm    .   (no shield)
rNeg     . . .     Faith    .   B - +0 leather armour {rPois}
rPois    +         Spirit   .   (helmet restricted)
rElec    .         Reflect  .   (no cloak)
rCorr    +         Harm     .   (no gloves)
MR       +....                  (boots unavailable)
Stlth    +++.......             n - amulet of regeneration
HPRegen  0.57/turn              j - ring of protection from magic
MPRegen  0.18/turn              t - ring of resist corrosion

@: flying quickly and evasively, quick
A: beak, talons 3, able to fly
a: Stop Flying, Renounce Religion


You were on level 8 of the Dungeon.
You worshipped Vehumet.
Vehumet was extremely pleased with you.
You were hungry.

You visited 1 branch of the dungeon, and saw 8 of its levels.
You also visited: Sewer and Ossuary.

You collected 515 gold pieces.
You spent 104 gold pieces at shops.

Inventory:

Hand Weapons
 b - a +0 dagger
 i - a +0 rapier
 C - a +2 dagger of venom (weapon)
Armour
 a - a +0 robe
 k - the +0 pair of boots of the Game of Kings {+Inv Int+2, unknown}
   (You found it on level 3 of the Dungeon)

   It affects your intelligence (+2).
   It lets you turn invisible.
 B - a +0 leather armour of poison resistance (worn)
Jewellery
 j - a ring of protection from magic (left hand)
 n - an amulet of regeneration (around neck)
 p - an uncursed amulet of faith {unknown}
 t - a ring of resist corrosion (right hand)
 E - an uncursed ring of fire {unknown}
 I - an uncursed ring of positive energy
Wands
 F - a wand of iceblast (7)
 H - a wand of clouds (5)
Scrolls
 d - 14 scrolls of identify {unknown}
 h - 2 scrolls of remove curse {unknown}
 r - 5 scrolls of teleportation {unknown}
 s - a scroll of enchant weapon {unknown}
 w - a scroll of amnesia {unknown}
 x - a scroll of enchant armour {unknown}
 y - 2 scrolls of fear {unknown}
 D - a scroll of blinking {unknown}
Potions
 e - a potion of invisibility {unknown}
 f - 2 potions of haste {unknown}
 g - a potion of resistance {unknown}
 l - 4 potions of stabbing {unknown}
 m - 2 potions of degeneration {unknown}
 o - 5 potions of curing
 q - a potion of lignification {unknown}
 u - a potion of cancellation {unknown}
 v - 6 potions of heal wounds
 z - a potion of ambrosia {unknown}
 G - 3 potions of mutation {unknown}
Comestibles
 c - 24 rations
 A - 2 chunks of flesh


   Skills:
 + Level 1.3 Fighting
 + Level 3.0 Short Blades
 + Level 3.5 Armour
 + Level 3.6 Dodging
 + Level 4.6 Stealth
 + Level 7.8 Spellcasting
 + Level 8.1 Conjurations
 + Level 8.4 Fire Magic
 + Level 3.1 Ice Magic
 + Level 1.9 Air Magic
 + Level 0.8 Poison Magic


You had 3 spell levels left.
You knew the following spells:

 Your Spells              Type           Power        Failure   Level  Hunger
a - Foxfire               Conj/Fire      ####         1%          1    None
b - Sticky Flame          Conj/Fire      #####...     1%          4    ###....
c - Fireball              Conj/Fire      #####.....   3%          5    #####..
d - Mephitic Cloud        Conj/Pois/Air  ###.....     2%          3    #......
e - Frozen Ramparts       Ice            ###...       3%          3    #......
f - Bolt of Magma         Conj/Fire/Erth ####......   11%         5    #####..

Your spell library contained the following spells:

 Spells                   Type           Power        Failure   Level  Hunger
 Magic Dart               Conj           ####         1%          1    None
 Conjure Flame            Conj/Fire      #####...     1%          3    #......
 Inner Flame              Hex/Fire       ###.....     1%          3    #......
 Apportation              Tloc           #.....       13%         1    None
 Blink                    Tloc           N/A          21%         2    None
 Call Imp                 Summ           #.......     21%         2    None
 Slow                     Hex            #.......     21%         2    None


Dungeon Overview and Level Annotations

Branches:
Dungeon (8/15)             Temple (0/1) D:5           Sewer (visited)
Ossuary (visited)
   Lair: D:8-11

Altars:
Ashenzari
Fedhas
Hepliaklqana
Sif Muna
Trog
Uskayaw
Vehumet
Yredelemnul

Shops:
D:4 !

Annotations:
D:7 1 runed translucent door, destino's ghost, novice DsFi


Innate Abilities, Weirdness & Mutations

You have a beak for a mouth.
You have claws for feet.
You can fly continuously.


Message History

The bullfrog hits you.
There is a shattered altar of Ashenzari, spattered with blood here.
You see here an arrow.
Unknown command.
Press < or > to pray at altars.
Unknown command.
Press < or > to pray at altars.
Unknown command.
Press < or > to pray at altars.
The bullfrog burns!
The bullfrog hits you but does no damage.
The bullfrog misses you. Vehumet accepts your kill.
You feel your power returning.
You feel a bit more experienced.
The centaur warrior shoots an arrow.
The arrow hits you!!
* * * LOW HITPOINT WARNING * * *
You see here an arrow.
You are feeling hungry.
The centaur warrior shoots an arrow.
The arrow hits you!
You die...

#.## ####..## #.#.#
#......# #.#.#
#......# #.#.#
#......# #.#.##
#......###....#
#######.......##....#
.(......#####.##....#
........# #.....@...#
........# #...#(#(..#
........# #...._F...#
........#.....#.#...#
...(....#........#.##
........#........#.#
.....####.......>.c#
...).# #........c.#
.....# #..........#


You could see a centaur warrior.

Vanquished Creatures
  A hippogriff (D:8)
  A human (D:7)
  4 hogs (D:7)
  Eustachio (D:5)
  Duvessa (D:6)
  2 orc warriors (D:5)
  5 ogres
  A phantom (D:2)
  2 centaurs
  11 big kobolds
  2 bullfrogs
  An elf skeleton (D:4)
  Dowan (D:6)
  2 scorpions
  A wight (D:5)
  A crimson imp (D:5)
  A centaur zombie (D:6)
  A bullfrog skeleton (D:4)
  3 jellies (D:3)
  2 orc priests
  7 hounds
  A centaur skeleton (D:6)
  A human skeleton (D:4)
  An iguana (D:6)
  3 worker ants
  9 orc wizards
  6 big kobold zombies (Ossuary)
  2 hound skeletons
  A mummy (Ossuary)
  4 gnolls (D:3)
  13 adders
  2 river rats (Sewer)
  9 oozes
  An adder zombie (D:7)
  An adder skeleton (D:4)
  6 worms
  2 dart slugs
  3 leopard geckos
  32 orcs
  2 spectral bats (Ossuary)
  4 giant cockroaches
  6 gnoll zombies (Ossuary)
  2 goblins
  5 hobgoblins
  4 jackals (D:7)
  2 quokkas
  4 ball pythons (Sewer)
  8 bats
  4 bat simulacra (Ossuary)
  5 frilled lizards
  4 goblin simulacra (Ossuary)
  3 goblin zombies (Ossuary)
  5 hobgoblin zombies (Ossuary)
  A jackal skeleton (D:4)
  17 kobolds
  3 kobold simulacra (Ossuary)
  4 kobold zombies (Ossuary)
  A leopard gecko skeleton (D:5)
  2 orc skeletons (D:4)
  8 orc zombies
  A quokka skeleton (D:5)
  A quokka zombie (D:7)
  9 rats
  3 rat simulacra (Ossuary)
  2 spectral goblins (Ossuary)
  4 spectral kobolds (Ossuary)
  A spectral orc (D:7)
  7 spectral rats (Ossuary)
270 creatures vanquished.

Vanquished Creatures (collateral kills)
  An orc (D:6)
1 creature vanquished.

Vanquished Creatures (others)
  697 foxfires
  A fungus (D:3)
  10 toadstools (D:3)
708 creatures vanquished.

Grand Total: 979 creatures vanquished

Notes
Turn   | Place    | Note
-------+----------+-------------------------------------------
     0 | D:1      | Doot the Tengu Fire Elementalist began the quest for the
                  | Orb.
     0 | D:1      | Reached XP level 1. HP: 10/10 MP: 4/4
   364 | D:1      | Reached XP level 2. HP: 11/15 MP: 3/6
   984 | D:2      | Reached XP level 3. HP: 19/19 MP: 1/7
  1248 | D:2      | Noticed a phantom
  1336 | D:3      | Found a blossoming altar of Fedhas.
  1469 | D:3      | Found a hazy altar of Hepliaklqana.
  1501 | D:3      | Reached XP level 4. HP: 24/24 MP: 1/8
  1927 | D:3      | Learned a level 4 spell: Sticky Flame
  1949 | D:3      | Gained mutation: You can fly continuously. [Tengu growth]
  1949 | D:3      | Reached XP level 5. HP: 28/28 MP: 8/10
  2409 | D:2      | Killed a phantom
  2409 | D:2      | Reached skill level 1 in Short Blades
  2409 | D:2      | Reached skill level 5 in Fire Magic
  2610 | D:3      | Found a radiant altar of Vehumet.
  2616 | D:3      | Became a worshipper of Vehumet
  2630 | D:3      | Reached XP level 6. HP: 29/32 MP: 8/12
  3197 | D:3      | Got a pair of smoking boots
  3308 | D:4      | Reached XP level 7. HP: 36/36 MP: 8/14
  3359 | D:4      | Reached * piety under Vehumet
  3359 | D:4      | Offered knowledge of Sandblast by Vehumet.
  3403 | D:4      | Found Veroboxi's Distillery.
  3412 | D:4      | Bought a potion of heal wounds for 65 gold pieces
  3412 | D:4      | Bought a potion of curing for 39 gold pieces
  3855 | D:4      | Found a sand-covered staircase.
  3863 | Ossuary  | Entered an ossuary
  4085 | Ossuary  | Learned a level 5 spell: Fireball
  4227 | Ossuary  | Reached ** piety under Vehumet
  4227 | Ossuary  | Offered knowledge of Freeze by Vehumet.
  4350 | Ossuary  | Reached skill level 5 in Conjurations
  4516 | Ossuary  | Offered knowledge of Mephitic Cloud by Vehumet.
  4521 | Ossuary  | Learned a level 3 spell: Mephitic Cloud
  4564 | Ossuary  | Reached *** piety under Vehumet
  4672 | Ossuary  | Reached XP level 8. HP: 42/42 MP: 11/16
  4756 | Ossuary  | Offered knowledge of Frozen Ramparts by Vehumet.
  4765 | Ossuary  | Learned a level 3 spell: Frozen Ramparts
  4869 | D:4      | Reached skill level 5 in Spellcasting
  5225 | D:5      | Entered Level 5 of the Dungeon
  5239 | D:5      | Found a staircase to the Ecumenical Temple.
  5501 | D:5      | Noticed Eustachio
  5725 | D:5      | Found a glowing drain.
  5741 | Sewer    | Entered a sewer
  5886 | Sewer    | Reached **** piety under Vehumet
  6054 | Sewer    | Reached skill level 1 in Ice Magic
  6130 | Sewer    | Offered knowledge of Yara's Violent Unravelling by Vehumet.
  6190 | Sewer    | Reached skill level 1 in Fighting
  6190 | Sewer    | Reached XP level 9. HP: 47/47 MP: 16/19
  6833 | D:5      | Killed Eustachio
  7803 | D:6      | Found a bloodstained altar of Trog.
  7805 | D:6      | Found a hide-covered altar of Uskayaw.
  8190 | D:7      | Noticed Duvessa
  8190 | D:7      | Noticed Dowan
  8206 | D:6      | Killed Duvessa
  8206 | D:6      | Reached skill level 1 in Armour
  8210 | D:6      | Killed Dowan
  8432 | D:7      | Found a basalt altar of Yredelemnul.
  8587 | D:7      | Reached ***** piety under Vehumet
  8601 | D:7      | Offered knowledge of Bolt of Magma by Vehumet.
  8679 | D:7      | Reached XP level 10. HP: 52/52 MP: 14/22
  8877 | D:7      | Reached skill level 1 in Air Magic
  8983 | D:7      | Found a runed translucent door.
  8984 | D:7      | Noticed destino's ghost (novice DsFi)
  9235 | D:8      | Noticed a centaur warrior
  9464 | D:8      | Learned a level 5 spell: Bolt of Magma
  9521 | D:8      | Found a shimmering blue altar of Sif Muna.
  9568 | D:8      | Identified Sif Muna's Grimoire of the Voyage
  9802 | D:8      | Found a shattered altar of Ashenzari.
  9813 | D:8      | Shot with an arrow by a centaur warrior

Illustrated notes

Levels and vault maps discovered:
D:1:      minmay_arrival_shattered_statue, layout_basic, palyth_stone_intersect
D:2:      layout_basic
D:3:      cheibrodos_fertilizer, layout_basic, nicolae_overflow_crystal_walls,
          fedhas_altar_1, vehumet_crystals
D:4:      layout_cave_pools, serial_shops, shop, nicolae_ossuary_entry_catacombs
D:5:      layout_basic, minmay_temple_entry_sparse_star, first_ration,
          portal_sewer_entry_d, chequers_serial_rivers_small_b, sword_in_stone
D:6:      layout_basic, chequers_temple_overflow_statue_of_worship
D:7:      layout_basic, yredelemnul_forgotten_temple_becter,
          ebering_ghost_inner_flame, grunt_livestock, chequers_arboretum,
          grunt_ministairs_6, minivault_22, minmay_misc_feat_more_columns,
          uniq_duvessa
D:8:      layout_basic, kiku_gazebo_garden_becter, ashenzari_altar_1,
          kennysheep_little_box, led_sif_book

Skill      XL: |  1  2  3  4  5  6  7  8  9 10 |
---------------+-------------------------------+-----
Fire Magic     | 4 5 6 7 8 |  8.4
Spellcasting   | 3 4 6 7 |  7.8
Conjurations   | 2 3 4 5 7 8 |  8.1
Short Blades   | 1 2 3 |  3.0
Dodging        | 3 |  3.6
Stealth        | 3 4 |  4.6
Ice Magic      | 1 2 3 |  3.1
Fighting       | 1 |  1.3
Armour         | 2 3 |  3.5
Air Magic      | 1 |  1.9
Poison Magic   | |  0.8

Action                   |  1- 3 |  4- 6 |  7- 9 | 10-12 || total
-------------------------+-------+-------+-------+-------++-------
Melee: Dagger            |     1 |       |    10 |    19 ||    30
       Rapier            |     4 |    18 |    61 |       ||    83
       Kick              |     1 |     6 |    17 |     6 ||    30
       Peck              |     1 |     2 |    11 |       ||    14
 Cast: Foxfire           |    50 |   102 |   309 |     4 ||   465
       Sticky Flame      |       |       |    33 |     7 ||    40
       Frozen Ramparts   |       |       |    11 |     5 ||    16
       Mephitic Cloud    |       |       |     6 |     5 ||    11
       Bolt of Magma     |       |       |       |     1 ||     1
 Abil: Fly               |       |     1 |       |       ||     1
 Stab: Sleeping          |     1 |       |     6 |       ||     7
       Distracted        |       |     1 |       |       ||     1
  Eat: Chunk             |     2 |     6 |    18 |     4 ||    30
       Ration            |       |       |     1 |       ||     1
Armor: Robe              |     5 |     2 |    29 |       ||    36
       Leather armour    |       |       |     4 |     3 ||     7
Dodge: Dodged            |    20 |    41 |   170 |    42 ||   273
